TOP OF THE 1ST |
Missoula Osprey batting - Pitching for Danville Braves : RHP Orlando Mosqueda
|
Pitching: RHP Orlando Mosqueda
|
|
Batting: RHB Hyeok Shon
|
0-0: Swinging Strike 0-1: Swinging Strike 0-2: Ball 1-2: Ball 2-2: Strikes out swinging
|
Batting: RHB Chris Jones
|
0-0: Called Strike 0-1: Foul Ball, location: 2F 0-2: Ground out 3-1 (Groundball, 34S, EV 94.4 MPH)
|
Batting: RHB Antonio Luisa
|
0-0: Ball 1-0: SINGLE (Groundball, 6MD, EV 110.0 MPH)
|
Batting: LHB Nelson Pelico
|
0-0: Called Strike 0-1: Ball 1-1: 2-RUN HOME RUN (Flyball, 9LD, EV 93.8 MPH), Distance : 344 ft
|
Batting: RHB Francisco Gutierrez
|
0-0: Fly out, F8 (Line Drive, 8RD, EV 90.6 MPH)
|
Top of the 1st over - 2 runs, 2 hits, 0 errors, 0 left on base; Missoula 2 - Danville 0 |
BOTTOM OF THE 1ST |
Danville Braves batting - Pitching for Missoula Osprey : RHP Jordan Rondon
|
Pitching: RHP Jordan Rondon
|
|
Batting: RHB Richard Saquic
|
0-0: Swinging Strike 0-1: Ball 1-1: Foul Ball, location: 2F 1-2: Ball 2-2: Ball 3-2: Strikes out looking
|
Batting: RHB Manny Hensley
|
0-0: Ball 1-0: Ball 2-0: SINGLE (Line Drive, 9S, EV 90.6 MPH)
|
Batting: LHB Ricardo Sandoval
|
0-0: Called Strike 0-1: Ball 1-1: Foul Ball, location: 2F 1-2: Foul Ball, location: 2F 1-2: DOUBLE (Line Drive, 3D, EV 98.1 MPH) Manny Hensley to third
|
Batting: RHB Chris Trites
|
0-0: Ball 1-0: Ground out 1-3 (Groundball, 13S, EV 67.5 MPH)
|
Batting: SHB Karl Starnes
|
0-0: Swinging Strike 0-1: DOUBLE (Line Drive, 9LS, EV 103.1 MPH) Manny Hensley scores Ricardo Sandoval scores
|
Batting: RHB Mike Bergin
|
0-0: Ball 1-0: Called Strike 1-1: Foul Ball, location: 2F 1-2: Foul Ball, location: 2F 1-2: Strikes out swinging
|
Bottom of the 1st over - 2 runs, 3 hits, 0 errors, 1 left on base; Missoula 2 - Danville 2 |
TOP OF THE 2ND |
Missoula Osprey batting - Pitching for Danville Braves : RHP Orlando Mosqueda
|
Batting: RHB Cesar Rendon
|
0-0: Called Strike 0-1: Ball 1-1: Foul Ball, location: 2F 1-2: Ball 2-2: Strikes out swinging
|
Batting: LHB Danny Salas
|
0-0: Ball 1-0: Ball 2-0: Called Strike 2-1: Ball 3-1: Bunt missed! 3-2: Base on Balls
|
Batting: RHB Hector Tabares
|
0-0: Ball 1-0: Called Strike 1-1: SINGLE (Groundball, 56D, EV 97.5 MPH) Danny Salas to second
|
Batting: RHB David Powell
|
0-0: Called Strike 0-1: Foul Ball, location: 2F 0-2: Foul Ball, location: 2F 0-2: Ball 1-2: Strikes out looking
|
Batting: RHB Hyeok Shon
|
0-0: Ball 1-0: Ball 2-0: Ball 3-0: Base on Balls Danny Salas to third Hector Tabares to second
|
Batting: RHB Chris Jones
|
0-0: Called Strike 0-1: Called Strike 0-2: Ball 1-2: Strikes out swinging
|
Top of the 2nd over - 0 runs, 1 hit, 0 errors, 3 left on base; Missoula 2 - Danville 2 |
BOTTOM OF THE 2ND |
Danville Braves batting - Pitching for Missoula Osprey : RHP Jordan Rondon
|
Batting: RHB Rodolfo Cosme
|
0-0: Swinging Strike 0-1: Swinging Strike 0-2: Ball 1-2: Strikes out looking
|
Batting: RHB Danny Dimas
|
0-0: Ball 1-0: Ground out 6-3 (Groundball, 6, EV 98.8 MPH)
|
Batting: RHB Mennad Maalik
|
0-0: Ball 1-0: Foul Ball, location: 2F 1-1: Ground out 6-3 (Groundball, 6, EV 90.6 MPH)
|
Bottom of the 2nd over - 0 runs, 0 hits, 0 errors, 0 left on base; Missoula 2 - Danville 2 |
TOP OF THE 3RD |
Missoula Osprey batting - Pitching for Danville Braves : RHP Orlando Mosqueda
|
Batting: RHB Antonio Luisa
|
0-0: Ball 1-0: SOLO HOME RUN (Flyball, 7LD, EV 94.4 MPH), Distance : 332 ft
|
Batting: LHB Nelson Pelico
|
0-0: Called Strike 0-1: Called Strike 0-2: Foul Ball, location: 2F 0-2: Strikes out swinging
|
Batting: RHB Francisco Gutierrez
|
0-0: Foul Ball, location: 2F 0-1: Ball 1-1: Foul Ball, location: 2F 1-2: Ball 2-2: Foul Ball, location: 2F 2-2: Ball 3-2: SINGLE (Line Drive, 3D, EV 97.5 MPH)
|
Batting: RHB Cesar Rendon
|
0-0: Called Strike 0-1: Ball 1-1: Ball 2-1: Ball 3-1: Swinging Strike 3-2: Strikes out swinging Francisco Gutierrez is caught stealing 2nd base 2-4 Batter strikes out.
|
Top of the 3rd over - 1 run, 2 hits, 0 errors, 0 left on base; Missoula 3 - Danville 2 |
BOTTOM OF THE 3RD |
Danville Braves batting - Pitching for Missoula Osprey : RHP Jordan Rondon
|
Batting: RHB Richard Saquic
|
0-0: Ball 1-0: Ball 2-0: Called Strike 2-1: Ball 3-1: Base on Balls
|
Batting: RHB Manny Hensley
|
0-0: Ball Richard Saquic steals 2nd base 1-0: Ball 2-0: Called Strike 2-1: Ball 3-1: Foul Ball, location: 2F 3-2: Fly out, F4 (Popup, 23, EV 85.0 MPH)
|
Batting: LHB Ricardo Sandoval
|
0-0: Ball Richard Saquic is caught stealing 3rd base 2-5 1-0: Ball 2-0: Ball 3-0: Called Strike 3-1: Base on Balls
|
Batting: RHB Chris Trites
|
0-0: Called Strike Ricardo Sandoval is caught stealing 2nd base 2-4
|
Bottom of the 3rd over - 0 runs, 0 hits, 0 errors, 0 left on base; Missoula 3 - Danville 2 |
TOP OF THE 4TH |
Missoula Osprey batting - Pitching for Danville Braves : RHP Orlando Mosqueda
|
Batting: LHB Danny Salas
|
0-0: Foul Ball, location: 2F 0-1: Foul Ball, location: 2F 0-2: Strikes out swinging
|
Batting: RHB Hector Tabares
|
0-0: Foul Ball, location: 2F 0-1: Ground out 5-3 (Groundball, 56S, EV 71.2 MPH)
|
Batting: RHB David Powell
|
0-0: Ball 1-0: Ball 2-0: Swinging Strike 2-1: Ball 3-1: Foul Ball, location: 2F 3-2: Foul Ball, location: 2F 3-2: Foul Ball, location: 2F 3-2: Foul Ball, location: 2F 3-2: Strikes out looking
|
Top of the 4th over - 0 runs, 0 hits, 0 errors, 0 left on base; Missoula 3 - Danville 2 |
BOTTOM OF THE 4TH |
Danville Braves batting - Pitching for Missoula Osprey : RHP Jordan Rondon
|
Batting: RHB Chris Trites
|
0-0: Ball 1-0: Swinging Strike 1-1: Called Strike 1-2: Fly out, F6 (Popup, 6, EV 63.1 MPH)
|
Batting: SHB Karl Starnes
|
0-0: Ball 1-0: Ball 2-0: DOUBLE (Line Drive, 89M, EV 110.0 MPH)
|
Batting: RHB Mike Bergin
|
0-0: Ball 1-0: Ground out U3 (Groundball, 3, EV 86.2 MPH) Karl Starnes to third
|
Batting: RHB Rodolfo Cosme
|
0-0: Ball 1-0: Foul Ball, location: 2F 1-1: Swinging Strike 1-2: Ball 2-2: Strikes out swinging
|
Bottom of the 4th over - 0 runs, 1 hit, 0 errors, 1 left on base; Missoula 3 - Danville 2 |
TOP OF THE 5TH |
Missoula Osprey batting - Pitching for Danville Braves : RHP Orlando Mosqueda
|
Batting: RHB Hyeok Shon
|
0-0: Ball 1-0: Ground out 4-3 (Groundball, 4, EV 77.5 MPH)
|
Batting: RHB Chris Jones
|
0-0: SOLO HOME RUN (Line Drive, 7D, EV 95.0 MPH), Distance : 362 ft
|
Batting: RHB Antonio Luisa
|
0-0: Ball 1-0: Ball 2-0: Ball 3-0: Called Strike 3-1: Ground out U3 (Groundball, 34S, EV 85.6 MPH)
|
Batting: LHB Nelson Pelico
|
0-0: Foul Ball, location: 2F 0-1: Ball 1-1: SOLO HOME RUN (Flyball, 89XD, EV 93.8 MPH), Distance : 375 ft
|
Pitching: RHP Jeremy Mash
|
|
Batting: RHB Francisco Gutierrez
|
0-0: Swinging Strike 0-1: Ball 1-1: Called Strike 1-2: Ground out 1-3 (Groundball, 34S, EV 67.5 MPH)
|
Top of the 5th over - 2 runs, 2 hits, 0 errors, 0 left on base; Missoula 5 - Danville 2 |
BOTTOM OF THE 5TH |
Danville Braves batting - Pitching for Missoula Osprey : RHP Jordan Rondon
|
Batting: RHB Danny Dimas
|
0-0: Foul Ball, location: 2F 0-1: Foul Ball, location: 2F 0-2: Strikes out swinging
|
Batting: RHB Mennad Maalik
|
0-0: Ball 1-0: Fly out, F9 (Flyball, 9S, EV 86.9 MPH)
|
Batting: RHB Richard Saquic
|
0-0: Ball 1-0: Foul Ball, location: 2F 1-1: Called Strike 1-2: Strikes out swinging, 2-3 out at first.
|
Bottom of the 5th over - 0 runs, 0 hits, 0 errors, 0 left on base; Missoula 5 - Danville 2 |
TOP OF THE 6TH |
Missoula Osprey batting - Pitching for Danville Braves : RHP Jeremy Mash
|
Batting: RHB Cesar Rendon
|
0-0: Ball 1-0: SINGLE (Groundball, 56D, EV 101.2 MPH)
|
Batting: LHB Danny Salas
|
0-0: Called Strike 0-1: Ball 1-1: Ball 2-1: Foul Ball, location: 2F 2-2: Ball 3-2: Strikes out looking
|
Batting: RHB Hector Tabares
|
0-0: Ball 1-0: Swinging Strike 1-1: Swinging Strike 1-2: Ball 2-2: Foul Ball, location: 2F 2-2: Strikes out swinging
|
Batting: RHB David Powell
|
0-0: Fly out, F8 (Flyball, 8RS, EV 89.4 MPH)
|
Top of the 6th over - 0 runs, 1 hit, 0 errors, 1 left on base; Missoula 5 - Danville 2 |
BOTTOM OF THE 6TH |
Danville Braves batting - Pitching for Missoula Osprey : RHP Jordan Rondon
|
Batting: RHB Manny Hensley
|
0-0: Ball 1-0: Ball 2-0: Called Strike 2-1: Called Strike 2-2: Ball 3-2: Strikes out swinging, 2-3 out at first.
|
Batting: LHB Ricardo Sandoval
|
0-0: Called Strike 0-1: Ball 1-1: Ball 2-1: Foul Ball, location: 2F 2-2: Ball 3-2: Strikes out swinging
|
Batting: RHB Chris Trites
|
0-0: Ball 1-0: Foul Ball, location: 2F 1-1: SINGLE (Groundball, 6S, EV 66.9 MPH) (infield hit)
|
Batting: SHB Karl Starnes
|
0-0: Ball 1-0: Called Strike 1-1: Ball 2-1: Ball Chris Trites is caught stealing 2nd base 2-6
|
Bottom of the 6th over - 0 runs, 1 hit, 0 errors, 0 left on base; Missoula 5 - Danville 2 |
TOP OF THE 7TH |
Missoula Osprey batting - Pitching for Danville Braves : RHP Jeremy Mash
|
Batting: RHB Hyeok Shon
|
0-0: Called Strike 0-1: Ball 1-1: SINGLE (Flyball, 8RS, EV 95.0 MPH)
|
Batting: RHB Chris Jones
|
0-0: Ball 1-0: Foul Ball, location: 2F 1-1: Called Strike 1-2: Ball 2-2: Foul Ball, location: 2F 2-2: Fielders Choice at 2nd, 6-4 (Groundball, 6, EV 106.9 MPH)
|
Batting: RHB Antonio Luisa
|
0-0: Ball 1-0: Fly out, F8 (Flyball, 8RM, EV 85.0 MPH)
|
Batting: LHB Nelson Pelico
|
0-0: Called Strike 0-1: Swinging Strike 0-2: Ball 1-2: Ground out 3-1 (Groundball, 34, EV 89.4 MPH)
|
Top of the 7th over - 0 runs, 1 hit, 0 errors, 1 left on base; Missoula 5 - Danville 2 |
BOTTOM OF THE 7TH |
Danville Braves batting - Pitching for Missoula Osprey : RHP Jordan Rondon
|
Batting: SHB Karl Starnes
|
0-0: Ball 1-0: Foul Ball, location: 2F 1-1: Ball 2-1: Ball 3-1: Ground out 6-3 (Groundball, 6, EV 108.1 MPH)
|
Pitching: RHP Ramiz JambakurIan
|
|
Batting: RHB Mike Bergin
|
0-0: Foul Ball, location: 2F 0-1: Ball 1-1: Ball 2-1: Foul Ball, location: 2F 2-2: Foul Ball, location: 2F 2-2: Foul Ball, location: 2F 2-2: DOUBLE (Groundball, 5L, EV 99.4 MPH)
|
Batting: RHB Rodolfo Cosme
|
0-0: Ball 1-0: Ball 2-0: Swinging Strike 2-1: Foul Ball, location: 2F 2-2: SINGLE (Groundball, 56D, EV 97.5 MPH) Mike Bergin to third
|
Batting: RHB Danny Dimas
|
0-0: Ball 1-0: Ball 2-0: SINGLE (Groundball, 6MD, EV 98.8 MPH) Mike Bergin scores Rodolfo Cosme to second
|
Pinch Hitting: LHB Mitsujiro Tanaka
|
0-0: Fielders Choice at 2nd, 5-4 (Groundball, 5, EV 81.2 MPH) Rodolfo Cosme to third
|
Batting: RHB Richard Saquic
|
0-0: Swinging Strike 0-1: Ball 1-1: Foul Ball, location: 2F 1-2: Ball 2-2: Ball 3-2: Base on Balls Mitsujiro Tanaka to second
|
Batting: RHB Manny Hensley
|
0-0: Ball 1-0: Ground out 6-3 (Groundball, 6S, EV 87.5 MPH)
|
Bottom of the 7th over - 1 run, 3 hits, 0 errors, 3 left on base; Missoula 5 - Danville 3 |
TOP OF THE 8TH |
Missoula Osprey batting - Pitching for Danville Braves : RHP Jeremy Mash
|
Now in LF: Mitsujiro Tanaka
|
|
Batting: RHB Francisco Gutierrez
|
0-0: Called Strike 0-1: SOLO HOME RUN (Flyball, 9D, EV 92.5 MPH), Distance : 360 ft
|
Batting: RHB Cesar Rendon
|
0-0: Foul Ball, location: 2F 0-1: Called Strike 0-2: Strikes out swinging
|
Batting: LHB Danny Salas
|
0-0: Ball 1-0: TRIPLE (Line Drive, 89XD, EV 108.8 MPH)
|
Batting: RHB Hector Tabares
|
0-0: Intentional Walk
|
Pitching: RHP Geronimo Savio
|
|
Batting: RHB David Powell
|
0-0: Foul Ball, location: 2F 0-1: Swinging Strike 0-2: Ball 1-2: Foul Ball, location: 2F 1-2: Ball 2-2: Strikes out swinging
|
Batting: RHB Hyeok Shon
|
0-0: Ground out 6-3 (Groundball, P, EV 90.0 MPH)
|
Top of the 8th over - 1 run, 2 hits, 0 errors, 2 left on base; Missoula 6 - Danville 3 |
BOTTOM OF THE 8TH |
Danville Braves batting - Pitching for Missoula Osprey : RHP Ramiz JambakurIan
|
Batting: LHB Ricardo Sandoval
|
0-0: Called Strike 0-1: Foul Ball, location: 2F 0-2: Foul Ball, location: 2F 0-2: Ball 1-2: Strikes out swinging
|
Batting: RHB Chris Trites
|
0-0: Swinging Strike 0-1: Foul Ball, location: 2F 0-2: Ball 1-2: Ball 2-2: Ball 3-2: Ground out 1-3 (Groundball, 13, EV 74.4 MPH)
|
Batting: SHB Karl Starnes
|
0-0: Ball 1-0: Ball 2-0: Ball 3-0: Called Strike 3-1: Ground out 6-3 (Groundball, 6MS, EV 86.2 MPH)
|
Bottom of the 8th over - 0 runs, 0 hits, 0 errors, 0 left on base; Missoula 6 - Danville 3 |
TOP OF THE 9TH |
Missoula Osprey batting - Pitching for Danville Braves : RHP Geronimo Savio
|
Batting: RHB Chris Jones
|
0-0: Ball 1-0: Ball 2-0: Called Strike 2-1: Foul Ball, location: 2F 2-2: Foul Ball, location: 2F 2-2: Ground out 4-3 (Groundball, 34D, EV 91.2 MPH)
|
Batting: RHB Antonio Luisa
|
0-0: Ball 1-0: Ground out 5-3 (Groundball, 56, EV 92.5 MPH)
|
Batting: LHB Nelson Pelico
|
0-0: Called Strike 0-1: Ground out 5-3 (Groundball, 56, EV 82.5 MPH)
|
Top of the 9th over - 0 runs, 0 hits, 0 errors, 0 left on base; Missoula 6 - Danville 3 |
BOTTOM OF THE 9TH |
Danville Braves batting - Pitching for Missoula Osprey : RHP Ramiz JambakurIan
|
Pitching: LHP Sam Davis
|
|
Batting: RHB Mike Bergin
|
0-0: Foul Ball, location: 2F 0-1: Called Strike 0-2: Ball 1-2: Ball 2-2: Strikes out looking
|
Batting: RHB Rodolfo Cosme
|
0-0: Ball 1-0: Fly out, F8 (Flyball, 8LD, EV 86.9 MPH)
|
Pinch Hitting: LHB Jason Herr
|
0-0: Called Strike 0-1: Foul Ball, location: 2F 0-2: Hit by Pitch
|
Batting: LHB Mitsujiro Tanaka
|
0-0: Called Strike 0-1: Called Strike 0-2: Foul Ball, location: 2F 0-2: Fly out, F8 (Flyball, 8RD, EV 110.0 MPH)
|
Bottom of the 9th over - 0 runs, 0 hits, 0 errors, 1 left on base; Missoula 6 - Danville 3 |
|